 Dungeon Crawl Stone Soup version 0.31-a0-229-g1fc7ce93e2 (webtiles) character file.

Game seed: 5768316872033071254

93 qw the Shooter (level 4, -3/26 HPs)
             Began as a Gargoyle Hexslinger on July 6, 2023.
             Killed from afar by an orc wizard (8 damage)
             ... with a magic dart
             ... on level 3 of the Dungeon.
             The game lasted 00:00:45 (1221 turns).

qw the Shooter (Gargoyle Hexslinger)                Turns: 1221, Time: 00:00:46

Health: -3/26      AC:  8    Str: 11    XL:     4   Next: 61%
Magic:  5/5        EV: 10    Int: 14    God:
Gold:   90         SH:  0    Dex: 14    Spells: 4/5 levels left

rFire   . . .        Y - +1 sling
rCold   + . .        (no shield)
rNeg    + . .        b - +0 ring mail
rPois   inf          (no helmet)
rElec   +            (no cloak)
rCorr   .            (no gloves)
SInv    .            (no boots)
Will    .....        (no amulet)
Stlth   +            d - ring of protection from cold
HPRegen 0.24/turn    (no ring)
MPRegen 0.09/turn

%: no passive effects
@: no status effects
A: sickness immunity, AC +3, negative energy resistance 1, electricity
resistance, torment resistance 1, petrification resistance
a: no special abilities


You were on level 3 of the Dungeon.
You visited 1 branch of the dungeon, and saw 3 of its levels.

You collected 90 gold pieces.


Innate Abilities, Weirdness & Mutations

You are immune to sickness and miasma.
Your stone body is resilient. (AC +3)
You are immune to poison.
You resist negative energy. (rN+)
You are resistant to electric shocks. (rElec)
You are resistant to unholy torment.
You are immune to petrification.


   Skills:
 - Level 2.0 Fighting
 - Level 4.2 Ranged Weapons
 + Level 0.8 Armour
 - Level 1.5 Dodging
 - Level 1.0 Spellcasting
 - Level 2.6 Hexes


You had 4 spell levels left.
You knew the following spells:

 Your Spells              Type           Power      Damage    Failure   Level
a - Slow                  Hex            32%        N/A       22%         1

Your spell library contained the following spells:

 Spells                   Type           Power      Damage    Failure   Level
 Inner Flame              Hex/Fire       4%         N/A       73%         3
 Portal Projectile        Hex/Tloc       8%         N/A       73%         3
 Cause Fear               Hex            4%         N/A       91%         4

Inventory:

Hand Weapons
 Y - a +1 sling (weapon)
Armour
 b - a +0 ring mail (worn)
Jewellery
 d - a ring of protection from cold (left hand)
Scrolls
 e - a scroll of identify
Potions
 c - a potion of attraction {unknown}
 f - a potion of ambrosia {unknown}
 g - a potion of curing
 j - a potion of enlightenment {unknown}

Dungeon Overview and Level Annotations

Branches:
Dungeon (3/15)

Altars:
Elyvilon


Message History

A puff of flame appears from out of thin air!
The puff of flame hits you.
1208 ||| FLEEEEING.
You hear some strange, mumbled words.
You are confused.
You shoot a sling bullet.
1210 ||| DRINKING 2 potions of curing.
You feel better.
1210 ||| (to cure confusion)
You shoot a sling bullet.
Something hits you but does no damage. x2
You shoot a sling bullet. You shoot a sling bullet.
The sling bullet closely misses the orc.
The orc hits you with a +0 falchion. Something hits you but does no damage.
You shoot a sling bullet.
The sling bullet closely misses the orc.
You hear some strange, mumbled words.
A puff of flame appears from out of thin air!
The puff of flame hits you. The orc barely misses you. Something hits you.
The orc hits you but does no damage.
You shoot a sling bullet. The sling bullet hits the orc.
The orc is heavily wounded.
Something hits you. The orc hits you with a +0 falchion.
You shoot a sling bullet. The sling bullet hits the orc.
You kill the orc!
Something hits you.
1217 ||| STILL FLEEEEING.
Something hits you but does no damage.
You shoot a sling bullet.
You hear some strange, mumbled words.
A magic dart appears from out of thin air!
The magic dart hits you. Something hits you but does no damage.
You shoot a sling bullet. Something hits you but does no damage.
You shoot a sling bullet. Something hits you.
You shoot a sling bullet.
You hear some strange, mumbled words.
A magic dart appears from out of thin air!
The magic dart hits you!
You die...

.....# >...# ## .....
.. ... ####.## ...
#.....# #.# #.....#
#)# #.....#
#)#####.....#
#.{@........#
#######....(#
#############.......#
#.........##..#....<#
#.........##.##.....#
#........[.%.########
#...................
#[..<.....##########
#.........#


There were no monsters in sight!

Vanquished Creatures
  Terence (D:2)
  2 worms
  A dart slug (D:1)
  2 orcs (D:3)
  A ball python (D:1)
  3 bats
  An endoplasm (D:2)
  2 giant cockroaches
  9 goblins
  6 hobgoblins
  4 jackals (D:2)
  7 kobolds
  3 quokkas (D:1)
  3 frilled lizards
  9 rats
54 creatures vanquished.

Notes
Turn   | Place    | Note
-------+----------+-------------------------------------------
     0 | D:1      | qw the Gargoyle Hexslinger began the quest for the Orb.
     0 | D:1      | Reached XP level 1. HP: 12/12 MP: 2/2
     0 | D:1      | 0 ||| qw: Version: 0.3-a-46-gb1f654a
     0 | D:1      | 0 ||| qw: Game counter: 1718
     0 | D:1      | 0 ||| qw: Melee chars always use a shield: true
     0 | D:1      | 0 ||| qw: God list: Okawaru
     0 | D:1      | 0 ||| qw: Allow faded altars: false
     0 | D:1      | 0 ||| qw: Do Orc after clearing Dungeon:15 true
     0 | D:1      | 0 ||| qw: Do second Lair branch before Depths: true
     0 | D:1      | 0 ||| qw: Lair rune preference: random
     0 | D:1      | 0 ||| qw: Goals: Normal
     0 | D:1      | 0 ||| PLANNING D:1-11
    45 | D:1      | Reached XP level 2. HP: 16/16 MP: 3/3
   111 | D:1      | Found a faded altar of an unknown god.
   145 | D:1      | Reached skill level 3 in Ranged Weapons
   278 | D:1      | Reached XP level 3. HP: 21/21 MP: 4/4
   481 | D:1      | 481 ||| UPGRADING to +0 leather armour.
   491 | D:1      | 491 ||| DROPPING +0 robe.
   492 | D:1      | 492 ||| READING scroll labelled RIGHUO BIUS.
   593 | D:1      | 593 ||| READING scroll labelled QIAPPE AKUC.
   594 | D:1      | 594 ||| DRINKING 2 white potions.
   619 | D:1      | 619 ||| DROPPING scroll of poison.
   620 | D:1      | 620 ||| DROPPING potion of lignification.
   755 | D:2      | Identified the +5 hand axe "Olomm" {flame, rC+ Int+3}
   913 | D:2      | Found a white marble altar of Elyvilon.
  1049 | D:2      | Noticed Terence
  1052 | D:2      | Reached XP level 4. HP: 26/26 MP: 5/5
  1058 | D:2      | Killed Terence
  1059 | D:2      | Reached skill level 4 in Ranged Weapons
  1090 | D:2      | 1090 ||| UPGRADING to +0 ring mail.
  1100 | D:2      | 1100 ||| DROPPING +0 leather armour.
  1101 | D:2      | 1101 ||| UPGRADING to ring of protection from cold.
  1102 | D:2      | 1102 ||| READING scroll labelled GIRIASOHIE.
  1105 | D:2      | 1105 ||| DRINKING 3 blue potions.
  1208 | D:3      | 1208 ||| FLEEEEING.
  1210 | D:3      | 1210 ||| DRINKING 2 potions of curing.
  1210 | D:3      | 1210 ||| (to cure confusion)
  1218 | D:3      | HP: 6/26 [something/magic dart (5)]
  1221 | D:3      | Killed from afar by an orc wizard

Levels and vault maps discovered:
D:1:      dpeg_arrival_rooms_c, layout_rooms,
          hellmonk_ecumenical_altar_arch_garden, minmay_close_crescents
D:2:      layout_rooms, basic_altar, minmay_misc_feat_doors, uniq_terence
D:3:      minmay_razor_zed, layout_rooms, minitemple, uniq_robin

Skill      XL: |  1  2  3  4 |
---------------+-------------+-----
Ranged Weapons | 3 4 |  4.2
Fighting       | 2 |  2.0
Armour         | |  0.8
Dodging        | |  1.5
Spellcasting   | |  1.0
Hexes          | |  2.6

Action                     |  1- 3 |  4- 6 || total
---------------------------+-------+-------++-------
   Fire: Sling             |   160 |    47 ||   207
    Use: Scroll            |     2 |     1 ||     3
         Potion            |     1 |     2 ||     3
 Armour: Robe              |    18 |       ||    18
         Leather armour    |    14 |     3 ||    17
         Ring mail         |       |    10 ||    10
  Dodge: Dodged            |    70 |     6 ||    76

Table legend:
 A = Non-vault XP
 B = Vault XP
 C = Vault XP percentage of total XP
 D = Non-vault monster count
 E = Vault monster count
 F = Vault count percentage of total count
                 A         B        C        D         E       F
            +---------+---------+-------+---------+---------+-------
      Total |      88 |      45 |  33.8 |      48 |       6 |  11.1
            +---------+---------+-------+---------+---------+-------
        D:1 |      36 |       9 |  20.0 |      21 |       5 |  19.2
        D:2 |      37 |      36 |  49.3 |      21 |       1 |   4.5
        D:3 |      15 |       0 |   0.0 |       6 |       0 |   0.0
            +---------+---------+-------+---------+---------+-------
